 Dungeon Crawl Stone Soup version 0.30.1-3-gfc49f6343a (webtiles) character file.

Game seed: 12519350752579226486

12 Woods the Caller (level 2, 0/15 HPs)
             Began as a Kobold Summoner on Aug 8, 2023.
             Slain by a quokka (3 damage)
             ... on level 1 of the Dungeon.
             The game lasted 00:00:59 (459 turns).

Woods the Caller (Kobold Summoner)                   Turns: 459, Time: 00:01:00

Health: 0/15       AC:  2    Str:  5    XL:     2   Next: 45%
Magic:  3/5        EV: 15    Int: 16    God:
Gold:   15         SH:  0    Dex: 15    Spells: 4/5 levels left

rFire   . . .        (weapon restricted)
rCold   . . .        (no shield)
rNeg    . . .        a - +0 robe
rPois   .            (no helmet)
rElec   .            (no cloak)
rCorr   .            (no gloves)
SInv    .            (no boots)
Will    .....        (no amulet)
Stlth   +++          (no ring)
HPRegen 0.22/turn    (no ring)
MPRegen 0.09/turn

%: no passive effects
@: no status effects
A: small, no large weapons, nightstalker 3
a: no special abilities


You were on level 1 of the Dungeon.
You visited 1 branch of the dungeon, and saw 1 of its levels.

You collected 15 gold pieces.

Inventory:

Armour
 a - a +0 robe (worn)
Scrolls
 c - a scroll of identify {unknown}
Potions
 b - a potion of magic


   Skills:
 + Level 2.7 Dodging
 + Level 3.1 Stealth
 + Level 2.4 Spellcasting
 + Level 4.1 Summonings


You had 4 spell levels left.
You knew the following spells:

 Your Spells              Type           Power      Damage    Failure   Level
a - Summon Small Mammal   Summ           60%        N/A       3%          1

Your spell library contained the following spells:

 Spells                   Type           Power      Damage    Failure   Level
 Call Imp                 Summ           30%        N/A       5%          2
 Call Canine Familiar     Summ           15%        N/A       11%         3
 Summon Guardian Golem    Hex/Summ       8%         N/A       26%         3
 Summon Lightning Spire   Summ/Air       8%         N/A       63%         4


Dungeon Overview and Level Annotations

Branches:
Dungeon (1/15)

Altars:


Innate Abilities, Weirdness & Mutations

You are small and have problems with some larger weapons.
You are completely attuned to the shadows.


Message History

Your bat closely misses the quokka.
The quokka closely misses you.
You hit the quokka but do no damage.
The quokka is severely wounded.
Your bat barely misses the quokka.
The quokka misses you.
You miss the quokka.
The quokka is severely wounded.
The quokka barely misses you.
Your bat hits the quokka. The quokka closely misses you.
You closely miss the quokka.
The quokka is almost dead.
The quokka bites you.
You miss the quokka.
The quokka is almost dead.
Your bat completely misses the quokka.
The quokka misses you.
You barely miss the quokka.
The quokka is almost dead.
Your bat disappears in a puff of smoke!
The quokka bites you.
You miss the quokka.
The quokka is almost dead.
The quokka barely misses you.
You hit the quokka but do no damage.
The quokka is almost dead.
The quokka bites you.
* * * LOW HITPOINT WARNING * * *
The quokka misses you.
Casting: Summon Small Mammal (safe; 3% risk of failure)
Press: ? - help, Q - select action Dir - look around, f - activate The quokka bites you.
* * * LOW HITPOINT WARNING * * *
Unknown command.
Casting: Summon Small Mammal (safe; 3% risk of failure)
Press: ? - help, Q - select action Dir - look around, f - activate The quokka barely misses you.
Unknown command.
The quokka attacks as you move away! The quokka closely misses you.
Your rat bites the quokka but does no damage.
Your rat misses the quokka. The quokka bites you.
You die...

#....................
##......#######......
#......# #......
#......# #.##...
#......# #. #...
#......# #....
#rr....# .....
#.r....# .. #..@...#
.. ######## .. ##
####


You could see a quokka (ally target) and 2 friendly rats.

Vanquished Creatures
  A dart slug (D:1)
  A frilled lizard (D:1)
2 creatures vanquished.

Vanquished Creatures (collateral kills)
  An endoplasm (D:1)
  A goblin (D:1)
  A hobgoblin (D:1)
  2 jackals (D:1)
  A ball python (D:1)
  A bat (D:1)
  A rat (D:1)
8 creatures vanquished.

Grand Total: 10 creatures vanquished

Notes
Turn   | Place    | Note
-------+----------+-------------------------------------------
     0 | D:1      | Woods the Kobold Summoner began the quest for the Orb.
     0 | D:1      | Reached XP level 1. HP: 10/10 MP: 3/3
   318 | D:1      | Reached XP level 2. HP: 10/15 MP: 1/5
   459 | D:1      | Slain by a quokka

Illustrated notes

Levels and vault maps discovered:
D:1:      arrival_zaba_pyramid, layout_basic

Skill      XL: |  1  2 |
---------------+-------+-----
Stealth        | 3 |  3.1
Dodging        | |  2.7
Spellcasting   | |  2.4
Summonings     | |  4.1

Action                     || total
---------------------------++-------
  Melee: Unarmed           ||    56
   Cast: Summon Small Mamm ||    11
   Stab: Distracted        ||     1
         Sleeping          ||     1
 Armour: Robe              ||    14
  Dodge: Dodged            ||    55
